 Dungeon Crawl Stone Soup version 0.30-a0-358-g0d69a1922f (webtiles) character file.

Game seed: 9353743588693437740

17 gamesnag the Scratcher (level 2, -4/12 HPs)
             Began as a Felid Transmuter on Nov 10, 2022.
             Slain by a gnoll
             ... wielding a +0 flail
              (14 damage)
             ... on level 2 of the Dungeon.
             The game lasted 00:07:24 (1098 turns).

gamesnag the Scratcher (Felid Transmuter)           Turns: 1098, Time: 00:07:24

Health: -4/12      AC:  1    Str:  6    XL:     2   Next: 44%
Magic:  6/6        EV: 17    Int: 14    God:
Gold:   57         SH:  5    Dex: 16    Spells: 4/5 levels left
                                        Lives:  0   Deaths: 0

rFire   . . .      SeeInvis +      - Unarmed
rCold   . . .      Faith    .    (shield unavailable)
rNeg    . . .      Spirit   .    (body armour unavailable)
rPois   .          Reflect  +    (helmet unavailable)
rElec   .          Harm     .    (cloak unavailable)
rCorr   .          Rampage  .    (gloves unavailable)
Will    .....                    (boots unavailable)
Stlth   +.........               e - amulet of reflection
HPRegen 0.22/turn                (no ring)
MPRegen 0.10/turn                (no ring)

@: invisible, quick
A: very small, claws 1, fangs 3, see invisible, speed 1, shaggy fur 1, stealthy
paws, no weapons or thrown items, no armour, multi-lived
a: no special abilities


You were on level 2 of the Dungeon.
You visited 1 branch of the dungeon, and saw 2 of its levels.

You collected 57 gold pieces.

Inventory:

Hand Weapons
 c - a +0 short sword
 f - a +1 spectral quarterstaff {yur mom gey}
Jewellery
 e - an amulet of reflection (around neck)
Scrolls
 b - 3 scrolls of identify
 d - 3 scrolls of teleportation {unknown}
Potions
 a - 2 potions of lignification
 g - a potion of degeneration {unknown}


   Skills:
 + Level 1.1 Fighting
 + Level 2.8 Dodging
 + Level 3.5 Unarmed Combat
 + Level 2.1 Spellcasting
 + Level 2.4 Transmutations


You had 4 spell levels left.
You knew the following spells:

 Your Spells              Type           Power      Damage    Failure   Level
a - Beastly Appendage     Tmut           16%        N/A       9%          1

Your spell library contained the following spells:

 Spells                   Type           Power      Damage    Failure   Level
 Wereblood                Tmut           8%         N/A       13%         2
 Spider Form              Tmut/Pois      4%         N/A       38%         3
 Ice Form                 Ice/Tmut       4%         N/A       80%         4


Dungeon Overview and Level Annotations

Branches:
Dungeon (2/15)

Altars:


Innate Abilities, Weirdness & Mutations

You have sharp claws.
You have razor-sharp teeth.
You have supernaturally acute eyesight. (SInv)
You cover ground quickly. (Speed+)
You are covered in fur. (AC +1)
Your paws help you pounce on unaware monsters.
You are incapable of wielding weapons or throwing items.
You cannot wear armour.
You gain extra lives every three experience levels.


Message History

You hear a shout!
The bat hits you but does no damage.
You completely miss the bat. The bat misses you.
The frilled lizard barely misses you.
You closely miss the bat. You claw the bat, but do no damage.
The bat barely misses you. The frilled lizard closely misses you.
You closely miss the bat. The bat misses you.
The frilled lizard bites you but does no damage.
As you read the scroll labelled IPNURE BIOTUHI, it crumbles to dust.
It is a scroll of identify.
h - a potion of invisibility The bat closely misses you.
The gnoll hits you with a +0 flail. The frilled lizard misses you.
You fade into invisibility!
The gnoll completely misses you. You block the frilled lizard's attack.
The bat hits you but does no damage. The bat barely misses you.
A gnoll comes into view. It is wielding a +0 flail.
The bat hits you.
The frilled lizard hisses.
The goblin misses you. x2
The bat closely misses you.
Found 11 gold pieces.
The bat completely misses you.
The gnoll shouts!
You block the bat's attack. The bat closely misses you.
A gnoll comes into view. It is wielding a +0 spear.
The bat completely misses you.
Found a stone staircase leading up.
The bat hits you. The bat barely misses you. You block the bat's attack.
The bat completely misses you. The gnoll misses you.
You barely miss the gnoll. The bat hits you. The gnoll completely misses you.
The goblin barely misses you.
You scratch the gnoll.
The gnoll is moderately wounded.
The bat barely misses you. You block the goblin's attack.
The gnoll hits you with a +0 flail!
Ouch! That really hurt!
You die...

....#.#.### #
#....#..<#.#
#........#.#
#..........##
##..........#
+...<..gg..#
###.....b.l..#
......ggg....#
##......@....#
#...........#
#...........#
#...........#
#.....$.....+
#...........#
#.#...........
#.#...########
# #<..


You could see 3 gnolls, 2 goblins, a bat and a frilled lizard (unable to see
you).

Vanquished Creatures
  3 endoplasms (D:1)
  3 giant cockroaches (D:1)
  A goblin (D:1)
  2 hobgoblins (D:1)
  A ball python (D:1)
  3 bats (D:1)
  A frilled lizard (D:1)
14 creatures vanquished.

Notes
Turn   | Place    | Note
-------+----------+-------------------------------------------
     0 | D:1      | gamesnag the Felid Transmuter began the quest for the Orb.
     0 | D:1      | Reached XP level 1. HP: 9/9 MP: 4/4
   324 | D:1      | Reached XP level 2. HP: 12/12 MP: 6/6
  1098 | D:2      | Slain by a gnoll

Illustrated notes

Levels and vault maps discovered:
D:1:      dpeg_arrival_water_temple_mockup, layout_loops_corners
D:2:      layout_basic, shapermc_ecumenical_altar_ellora, serial_shops, shop,
          minivault_23, minmay_fractal_squares_gapless_5

Action                   || total
-------------------------++-------
Melee: Unarmed           ||    43
       Bite              ||     2
       Punch             ||     2
  Use: Scroll            ||     1
       Potion            ||     1
 Stab: Sleeping          ||     1
Armor: Skin              ||     5
Dodge: Dodged            ||    47
Block: Other             ||     8

Table legend: (Time is in decaauts)
 A = Elapsed time spent in this place.
 B = Non-inter-level travel time spent in this place.
 C = Inter-level travel time spent in this place.
 D = Time resting spent in this place.
 E = Time spent auto-exploring this place.
 F = Levels seen in this place.
 G = Mean time per level.
                   A        B        C        D        E       F      G
               +--------+--------+--------+--------+--------+-----+--------+
         Total |    892 |    865 |     27 |      0 |    271 |   2 |  446.0 |
       Dungeon |    892 |    865 |     27 |      0 |    271 |   2 |  446.0 |
               +--------+--------+--------+--------+--------+-----+--------+

Top non-repeatable levels by time:
     D:1: 876 daAuts
     D:2: 16 daAuts
